| TOP OF THE 1ST |
|
Detroit Tigers batting - Pitching for Kansas City Royals : LHP Reid Detmers
|
|
Pitching: LHP Reid Detmers
|
|
|
Batting: RHB Randy Arozarena
|
0-0: Ball 1-0: Ball 2-0: Ball 3-0: Called Strike 3-1: SINGLE (Flyball, 6D, EV 92.5 MPH)
|
|
Batting: LHB Freddie Freeman
|
0-0: Ball 1-0: Called Strike 1-1: Called Strike 1-2: Ball 2-2: Fly out, F8 (Line Drive, 8RD, EV 99.4 MPH)
|
|
Batting: RHB Fernando Tatis
|
0-0: Swinging Strike 0-1: Foul Ball, location: 2F 0-2: Strikes out swinging
|
|
Batting: LHB Matt Olson
|
0-0: Foul Ball, location: 2F 0-1: Foul Ball, location: 3DF 0-2: Foul Ball, location: 5SF 0-2: Strikes out swinging
|
| Top of the 1st over - 0 runs, 1 hit, 0 errors, 1 left on base; Detroit 0 - Kansas City 0 |
| BOTTOM OF THE 1ST |
|
Kansas City Royals batting - Pitching for Detroit Tigers : RHP Cristian Javier
|
|
Pitching: RHP Cristian Javier
|
|
|
Batting: LHB Corbin Carroll
|
0-0: Foul Ball, location: 3FF 0-1: Foul Ball, location: 3DF 0-2: Ball 1-2: Ball 2-2: Foul Ball, location: 2F 2-2: SINGLE (Groundball, 6MS, EV 66.3 MPH) (infield hit)
|
|
Batting: RHB Justin Foscue
|
0-0: Ball 1-0: Fly out, F6 (Popup, 6MS, EV 69.4 MPH)
|
|
Batting: LHB Rafael Devers
|
0-0: Swinging Strike 0-1: Ball 1-1: Called Strike 1-2: Foul Ball, location: 5FF 1-2: Ball 2-2: Grounds out, U3 (Groundball, 3L, EV 94.4 MPH)
|
|
Batting: RHB Willy Adames
|
0-0: Foul Ball, location: 23F 0-1: SINGLE (Groundball, 6MD, EV 107.5 MPH) Corbin Carroll to third Runner from 3rd tries for Home, SAFE, throw by CF to home Willy Adames to second
|
|
Batting: RHB Rhys Hoskins
|
0-0: Ball 1-0: 2-RUN HOME RUN (Flyball, 78XD, EV 103.8 MPH), Distance : 435 ft
|
|
Batting: LHB Daulton Varsho
|
0-0: Foul Ball, location: 5F 0-1: Ball 1-1: Hit by Pitch
|
|
Batting: RHB Matt Chapman
|
0-0: Ball 1-0: Fielders Choice at 2nd, 6-4 (Groundball, 56D, EV 94.4 MPH)
|
| Bottom of the 1st over - 3 runs, 3 hits, 0 errors, 1 left on base; Detroit 0 - Kansas City 3 |
| TOP OF THE 2ND |
|
Detroit Tigers batting - Pitching for Kansas City Royals : LHP Reid Detmers
|
|
Batting: SHB Jose Ramirez
|
0-0: Swinging Strike 0-1: Ball 1-1: Foul Ball, location: 2F 1-2: Ball 2-2: Ball 3-2: Base on Balls
|
|
Batting: RHB Matt McLain
|
0-0: Ball 1-0: Swinging Strike 1-1: Ball 2-1: Foul Ball, location: 25F 2-2: Fly out, F8 (Flyball, 8RXD, EV 101.3 MPH)
|
|
Batting: RHB Alejandro Kirk
|
0-0: Ball 1-0: Ball 2-0: Ball 3-0: Base on Balls Jose Ramirez to second
|
|
Batting: RHB Orlando Arcia
|
0-0: Foul Ball, location: 2F 0-1: Foul Ball, location: 7LMF 0-2: Grounds into double play, 4-6-3 (Groundball, 4, EV 85.6 MPH)
|
| Top of the 2nd over - 0 runs, 0 hits, 0 errors, 1 left on base; Detroit 0 - Kansas City 3 |
| BOTTOM OF THE 2ND |
|
Kansas City Royals batting - Pitching for Detroit Tigers : RHP Cristian Javier
|
|
Batting: RHB J.T. Realmuto
|
0-0: Ball 1-0: Ball 2-0: Ground out U3 (Groundball, 34S, EV 83.8 MPH)
|
|
Batting: SHB Oswaldo Cabrera
|
0-0: Called Strike 0-1: SINGLE (Line Drive, 78M, EV 91.9 MPH)
|
|
Batting: LHB Corbin Carroll
|
0-0: Called Strike Oswaldo Cabrera steals 2nd base 0-1: Fly out, F9 (Flyball, 89S, EV 95.0 MPH)
|
|
Batting: RHB Justin Foscue
|
0-0: Foul Ball, location: 2F 0-1: Foul Ball, location: 9LDF 0-2: Foul Ball, location: 2F 0-2: Ball 1-2: Ground out 6-3 (Groundball, 6, EV 95.6 MPH)
|
| Bottom of the 2nd over - 0 runs, 1 hit, 0 errors, 1 left on base; Detroit 0 - Kansas City 3 |
| TOP OF THE 3RD |
|
Detroit Tigers batting - Pitching for Kansas City Royals : LHP Reid Detmers
|
|
Batting: RHB Bubba Thompson
|
0-0: Foul Ball, location: 2F 0-1: Ball 1-1: Ball 2-1: Foul Ball, location: 2F 2-2: Fly out, F8 (Line Drive, 8LM, EV 91.3 MPH)
|
|
Batting: RHB Randy Arozarena
|
0-0: Fly out, F5 (Line Drive, 5L, EV 68.8 MPH)
|
|
Batting: LHB Freddie Freeman
|
0-0: Ball 1-0: Called Strike 1-1: SINGLE (Flyball, 5D, EV 91.9 MPH)
|
|
Batting: RHB Fernando Tatis
|
0-0: Called Strike 0-1: Fly out, F9 (Flyball, 89M, EV 90.6 MPH)
|
| Top of the 3rd over - 0 runs, 1 hit, 0 errors, 1 left on base; Detroit 0 - Kansas City 3 |
| BOTTOM OF THE 3RD |
|
Kansas City Royals batting - Pitching for Detroit Tigers : RHP Cristian Javier
|
|
Batting: LHB Rafael Devers
|
0-0: Ball 1-0: Called Strike 1-1: Called Strike 1-2: Strikes out looking
|
|
Batting: RHB Willy Adames
|
0-0: Called Strike 0-1: SINGLE (Line Drive, 8LS, EV 105.0 MPH)
|
|
Batting: RHB Rhys Hoskins
|
0-0: Swinging Strike 0-1: Ball 1-1: Called Strike 1-2: Foul Ball, location: 2F 1-2: Ball 2-2: Foul Ball, location: 5F 2-2: Strikes out swinging
|
|
Batting: LHB Daulton Varsho
|
0-0: Ground out 4-3 (Groundball, 34S, EV 90.0 MPH)
|
| Bottom of the 3rd over - 0 runs, 1 hit, 0 errors, 1 left on base; Detroit 0 - Kansas City 3 |
| TOP OF THE 4TH |
|
Detroit Tigers batting - Pitching for Kansas City Royals : LHP Reid Detmers
|
|
Batting: LHB Matt Olson
|
0-0: Ball 1-0: Foul Ball, location: 5F 1-1: Ball 2-1: Ground out 4-3 (Groundball, 34, EV 89.4 MPH)
|
|
Batting: SHB Jose Ramirez
|
0-0: Ground out 6-3 (Groundball, 6, EV 86.3 MPH)
|
|
Batting: RHB Matt McLain
|
0-0: Ball 1-0: Called Strike 1-1: Ball 2-1: Foul Ball, location: 2F 2-2: Foul Ball, location: 25F 2-2: Foul Ball, location: 7LMFF 2-2: SINGLE (Line Drive, 8LS, EV 94.4 MPH)
|
|
Batting: RHB Alejandro Kirk
|
0-0: Foul Ball, location: 23FF 0-1: Swinging Strike 0-2: Foul Ball, location: 3SF 0-2: Fielders Choice at 2nd, 5-4 (Groundball, 56, EV 80.0 MPH)
|
| Top of the 4th over - 0 runs, 1 hit, 0 errors, 1 left on base; Detroit 0 - Kansas City 3 |
| BOTTOM OF THE 4TH |
|
Kansas City Royals batting - Pitching for Detroit Tigers : RHP Cristian Javier
|
|
Batting: RHB Matt Chapman
|
0-0: Ball 1-0: Ball 2-0: Called Strike 2-1: Called Strike 2-2: Fly out, F7 (Line Drive, 78M, EV 105.6 MPH)
|
|
Batting: RHB J.T. Realmuto
|
0-0: Foul Ball, location: 7LMF 0-1: Foul Ball, location: 7LDF 0-2: Strikes out swinging
|
|
Batting: SHB Oswaldo Cabrera
|
0-0: Called Strike 0-1: Ball 1-1: Called Strike 1-2: Ground out 6-3 (Groundball, P, EV 83.8 MPH)
|
| Bottom of the 4th over - 0 runs, 0 hits, 0 errors, 0 left on base; Detroit 0 - Kansas City 3 |
| TOP OF THE 5TH |
|
Detroit Tigers batting - Pitching for Kansas City Royals : LHP Reid Detmers
|
|
Batting: RHB Orlando Arcia
|
0-0: Called Strike 0-1: Swinging Strike 0-2: Foul Ball, location: 3FF 0-2: Ball 1-2: Strikes out looking
|
|
Batting: RHB Bubba Thompson
|
0-0: Ball 1-0: Ball 2-0: Ground out U3 (Groundball, 34, EV 91.3 MPH)
|
|
Batting: RHB Randy Arozarena
|
0-0: Ball 1-0: Ball 2-0: Ball 3-0: Base on Balls
|
|
Batting: LHB Freddie Freeman
|
0-0: Ball 1-0: Ground out 4-3 (Groundball, 4, EV 86.3 MPH)
|
| Top of the 5th over - 0 runs, 0 hits, 0 errors, 1 left on base; Detroit 0 - Kansas City 3 |
| BOTTOM OF THE 5TH |
|
Kansas City Royals batting - Pitching for Detroit Tigers : RHP Cristian Javier
|
|
Batting: LHB Corbin Carroll
|
0-0: Ball 1-0: Ball 2-0: Called Strike 2-1: Ball 3-1: Base on Balls
|
|
Batting: RHB Justin Foscue
|
0-0: Ball 1-0: Called Strike 1-1: Ball 2-1: Fly out, F8 (Flyball, 8LM, EV 92.5 MPH)
|
|
Batting: LHB Rafael Devers
|
0-0: Called Strike Corbin Carroll steals 2nd base (no throw) 0-1: Ball 1-1: Called Strike Corbin Carroll steals 3rd base 1-2: Ball 2-2: Foul Ball, location: 3DF 2-2: Fly out, F8 (Flyball, 8LS, EV 88.8 MPH)
|
|
Batting: RHB Willy Adames
|
0-0: Swinging Strike 0-1: Foul Ball, location: 2F 0-2: Foul Ball, location: 7LSFF 0-2: Foul Ball, location: 3DF 0-2: Ball 1-2: Foul Ball, location: 5F 1-2: Ball 2-2: Ball 3-2: Foul Ball, location: 3F 3-2: Strikes out looking
|
| Bottom of the 5th over - 0 runs, 0 hits, 0 errors, 1 left on base; Detroit 0 - Kansas City 3 |
| TOP OF THE 6TH |
|
Detroit Tigers batting - Pitching for Kansas City Royals : LHP Reid Detmers
|
|
Batting: RHB Fernando Tatis
|
0-0: Called Strike 0-1: Foul Ball, location: 7LSF 0-2: Ball 1-2: Ball 2-2: Ball 3-2: SINGLE (Line Drive, 78S, EV 105.0 MPH)
|
|
Batting: LHB Matt Olson
|
0-0: Ball 1-0: Called Strike 1-1: Ball 2-1: Grounds into double play, 4-6-3 (Groundball, 4M, EV 86.3 MPH)
|
|
Batting: SHB Jose Ramirez
|
0-0: Ball 1-0: Ball 2-0: Called Strike 2-1: SINGLE (Line Drive, 78S, EV 104.4 MPH)
|
|
Batting: RHB Matt McLain
|
0-0: Ball 1-0: Swinging Strike 1-1: Foul Ball, location: 2F 1-2: Ball 2-2: Strikes out looking
|
| Top of the 6th over - 0 runs, 2 hits, 0 errors, 1 left on base; Detroit 0 - Kansas City 3 |
| BOTTOM OF THE 6TH |
|
Kansas City Royals batting - Pitching for Detroit Tigers : RHP Cristian Javier
|
|
Batting: RHB Rhys Hoskins
|
0-0: Ball 1-0: Ball 2-0: Called Strike 2-1: Foul Ball, location: 2F 2-2: Foul Ball, location: 7LMF 2-2: Ball 3-2: Strikes out swinging
|
|
Pitching: RHP Tanner Bibee
|
|
|
Batting: LHB Daulton Varsho
|
0-0: Ball 1-0: Swinging Strike 1-1: Foul Ball, location: 7LSF 1-2: Foul Ball, location: 2F 1-2: Ball 2-2: Ground out 6-3 (Groundball, 4, EV 80.0 MPH)
|
|
Batting: RHB Matt Chapman
|
0-0: Swinging Strike 0-1: Ball 1-1: Swinging Strike 1-2: Ball 2-2: Strikes out looking
|
| Bottom of the 6th over - 0 runs, 0 hits, 0 errors, 0 left on base; Detroit 0 - Kansas City 3 |
| TOP OF THE 7TH |
|
Detroit Tigers batting - Pitching for Kansas City Royals : LHP Reid Detmers
|
|
Pitching: RHP Liam Hendriks
|
|
|
Now at 1B: Justin Foscue
|
|
|
Now at 2B: David Hamilton
|
|
|
Batting: RHB Alejandro Kirk
|
0-0: Called Strike 0-1: Foul Ball, location: 5FF 0-2: Fly out, F6 (Popup, 6D, EV 55.6 MPH)
|
|
Batting: RHB Orlando Arcia
|
0-0: Fly out, F3 (Popup, 3S, EV 71.3 MPH)
|
|
Batting: RHB Bubba Thompson
|
0-0: Foul Ball, location: 9LMF 0-1: Ball 1-1: Ball 2-1: Called Strike 2-2: Foul Ball, location: 25F 2-2: Ball 3-2: Foul Ball, location: 9LMF 3-2: Strikes out swinging
|
| Top of the 7th over - 0 runs, 0 hits, 0 errors, 0 left on base; Detroit 0 - Kansas City 3 |
| BOTTOM OF THE 7TH |
|
Kansas City Royals batting - Pitching for Detroit Tigers : RHP Tanner Bibee
|
|
Batting: RHB J.T. Realmuto
|
0-0: Swinging Strike 0-1: Ball 1-1: Swinging Strike 1-2: Foul Ball, location: 3DF 1-2: Strikes out swinging
|
|
Batting: SHB Oswaldo Cabrera
|
0-0: Ground out 5-3 (Groundball, 5L, EV 87.5 MPH)
|
|
Batting: LHB Corbin Carroll
|
0-0: Swinging Strike 0-1: Ball 1-1: Ball 2-1: Foul Ball, location: 2F 2-2: Ball 3-2: Foul Ball, location: 3FF 3-2: Base on Balls
|
|
Batting: RHB Justin Foscue
|
0-0: Ball 1-0: Ball 2-0: Fielders Choice at 2nd, 6-4 (Groundball, 6, EV 86.9 MPH)
|
| Bottom of the 7th over - 0 runs, 0 hits, 0 errors, 1 left on base; Detroit 0 - Kansas City 3 |
| TOP OF THE 8TH |
|
Detroit Tigers batting - Pitching for Kansas City Royals : RHP Liam Hendriks
|
|
Batting: RHB Randy Arozarena
|
0-0: Called Strike 0-1: Called Strike 0-2: Foul Ball, location: 2F 0-2: Ball 1-2: Ball 2-2: Ball 3-2: Strikes out looking
|
|
Pitching: LHP Steven Okert
|
|
|
Batting: LHB Freddie Freeman
|
0-0: Ball 1-0: Fly out, F7 (Flyball, 7, EV 91.9 MPH)
|
|
Batting: RHB Fernando Tatis
|
0-0: Ball 1-0: Ball 2-0: Ball 3-0: Called Strike 3-1: Fly out, F7 (Line Drive, 7S, EV 103.1 MPH)
|
| Top of the 8th over - 0 runs, 0 hits, 0 errors, 0 left on base; Detroit 0 - Kansas City 3 |
| BOTTOM OF THE 8TH |
|
Kansas City Royals batting - Pitching for Detroit Tigers : RHP Tanner Bibee
|
|
Batting: LHB Rafael Devers
|
0-0: Called Strike 0-1: Called Strike 0-2: Ball 1-2: Strikes out swinging
|
|
Batting: RHB Willy Adames
|
0-0: Ball 1-0: Ball 2-0: Called Strike 2-1: SINGLE (Flyball, 5D, EV 93.8 MPH)
|
|
Pitching: RHP Jonathan Loaisiga
|
|
|
Batting: LHB David Hamilton
|
0-0: Ball 1-0: SINGLE (Line Drive, 78S, EV 95.6 MPH) Willy Adames to second Runner from 2nd tries for 3rd, OUT! 7-5
|
|
Batting: LHB Daulton Varsho
|
0-0: Called Strike 0-1: Called Strike David Hamilton steals 2nd base 0-2: Ball 1-2: Ball 2-2: Strikes out swinging
|
| Bottom of the 8th over - 0 runs, 2 hits, 0 errors, 1 left on base; Detroit 0 - Kansas City 3 |
| TOP OF THE 9TH |
|
Detroit Tigers batting - Pitching for Kansas City Royals : LHP Steven Okert
|
|
Pitching: RHP Ryan Helsley
|
|
|
Batting: LHB Matt Olson
|
0-0: Ball 1-0: Foul Ball, location: 5DF 1-1: Swinging Strike 1-2: Ball 2-2: Strikes out looking
|
|
Batting: SHB Jose Ramirez
|
0-0: Ball 1-0: Ball 2-0: Fly out, F4 (Popup, 4S, EV 74.4 MPH)
|
|
Batting: RHB Matt McLain
|
0-0: Foul Ball, location: 9LSF 0-1: Called Strike 0-2: Foul Ball, location: 2F 0-2: Ball 1-2: TRIPLE (Line Drive, 9LD, EV 110.0 MPH)
|
|
Batting: RHB Alejandro Kirk
|
0-0: Ball 1-0: Ball 2-0: Ball 3-0: Base on Balls
|
|
Batting: RHB Orlando Arcia
|
0-0: Foul Ball, location: 9LSF 0-1: Ball 1-1: Fly out, F9 (Flyball, 9D, EV 83.1 MPH)
|
| Top of the 9th over - 0 runs, 1 hit, 0 errors, 2 left on base; Detroit 0 - Kansas City 3 |
|